 Dungeon Crawl Stone Soup version 0.31-a0-1009-g454b1f1e0a (webtiles) character file.

Game seed: 11523774859240300311

134482 MacCMillion the Brawler (level 14, -2/145 (153) HPs)
             Began as a Troll Shapeshifter on Nov 15, 2023.
             Was the Champion of Ru.
             Killed by the raging water
             ... invoked by a water nymph
              (36 damage)
             ... on level 2 of the Shoals.
             The game lasted 01:16:44 (29306 turns).

MacCMillion the Brawler (Troll Shapeshifter)       Turns: 29306, Time: 01:16:44

HP:   -2/145 (153)  AC:  2    Str: 32    XL:     14   Next: 62%
MP:   10/13         EV: 13    Int:  6    God:    Ru [******]
Gold: 3354          SH:  9    Dex:  9    Spells: 13/13 levels left

rFire   + .          .
                       - Unarmed
rCold   . . .        Q - +0 kite shield
rNeg    . . .        (body armour currently unavailable)
rPois   .            (helmet restricted)
rElec   .            F - scarf {repulsion}
rCorr   .            (gloves unavailable)
SInv    .            (boots unavailable)
Will    ++...        V - amulet of Coixzos {Faith Will+ Regen+ Str+3}
Stlth   +            P - +5 ring of evasion
HPRegen 2.04/turn    j - ring of protection from fire
MPRegen 0.13/turn

%: repel missiles, faith
@: mighty, maw-form, spiked, mesmerised, studying Throwing, drained
A: devouring maw, large, unfitting armour, claws 3, regeneration 1, shaggy fur
1, tough skin 1, inability to train dodging, inability to train armour,
inexperienced 2
a: Begin Untransformation, Renounce Religion, Draw Out Power, Power Leap,
Apocalypse


You were on level 2 of the Shoals.
You worshipped Ru.
Ru was exalted by your worship.
You were a creature with a mouth for a stomach.
You visited 5 branches of the dungeon, and saw 25 of its levels.
You visited the Abyss 1 time.
You also visited: Gauntlet.

You collected 4612 gold pieces.
You spent 1258 gold pieces at shops.

Inventory:

Missiles
 c - 5 javelins
 q - 6 atropa-tipped darts
 s - 40 poisoned darts
 C - 44 large rocks (quivered)
 M - a curare-tipped dart
 N - 2 throwing nets
Armour
 F - a scarf of repulsion (worn)
 J - a scarf of shadows
 Q - a +0 kite shield (worn)
Jewellery
 a - a ring of protection from cold
 j - a ring of protection from fire (right claw)
 o - an amulet of reflection
 t - a +4 ring of protection
 A - a ring of fire
 P - a +5 ring of evasion (left claw)
 R - a ring of positive energy
 V - the amulet of Coixzos (around neck) {Faith Will+ Regen+ Str+3}
   (You took it off a spriggan on level 5 of the Lair of Beasts)

   [amulet of faith]

   Faith:     It allows you to gain divine favour quickly.
   Str+3:     It affects your strength (+3).
   Will+:     It increases your willpower.
   Regen+:    It increases your rate of health regeneration.
Talismans
 d - a flux talisman
 K - a maw talisman (active)
Wands
 r - a wand of quicksilver (30)
 v - a wand of flame (40)
 G - a wand of iceblast (21)
 U - a wand of digging (8)
 X - a wand of mindburst (29)
 Y - a wand of paralysis (13)
Scrolls
 e - a scroll of teleportation
 k - 3 scrolls of noise
 l - 5 scrolls of enchant armour
 p - 4 scrolls of immolation
 w - 4 scrolls of vulnerability
 y - 2 scrolls of revelation
 z - 2 scrolls of torment
 B - 3 scrolls of fear
 E - a scroll of blinking
 H - 2 scrolls of butterflies
 I - 3 scrolls of fog
 S - a scroll of poison
Potions
 b - 3 potions of lignification
 f - 5 potions of attraction
 g - 10 potions of curing
 h - a potion of might
 i - 4 potions of invisibility
 m - 6 potions of haste
 n - 2 potions of ambrosia
 u - 6 potions of heal wounds
 x - 3 potions of mutation
 D - a potion of brilliance {unknown}
 L - 2 potions of cancellation {unknown}
 O - 4 potions of berserk rage
 T - 2 potions of enlightenment
 W - a potion of resistance


   Skills:
 - Level 13.4 Fighting
 - Level 9.3 Throwing
 + Level 7.3 Shields
 - Level 17.3 Unarmed Combat
 - Level 15.1 Shapeshifting


You had 13 spell levels left.
You didn't know any spells.
Your spell library contained the following spells:

 Spells                   Type           Power      Damage    Failure   Level
 Magic Dart               Conj           0%         1d3       63%         1
 Call Imp                 Summ           0%         N/A       77%         2
 Dazzling Flash           Conj/Hex       0%         N/A       94%         3
 Hailstorm                Conj/Ice       0%         3d3       94%         3
 Mephitic Cloud           Conj/Pois/Air  0%         N/A       94%         3
 Stone Arrow              Conj/Erth      0%         3d7       94%         3
 Tukima's Dance           Hex            0%         N/A       94%         3
 Volatile Blastmotes      Fire/Tloc      0%         2d10      94%         3
 Animate Armour           Summ/Erth      0%         N/A       100%        4
 Animate Dead             Necr           0%         N/A       100%        4
 Fulminant Prism          Conj/Hex       0%         3d5       100%        4
 Iskenderun's Mystic Bla  Conj/Tloc      0%         2d3       100%        4
 Passage of Golubria      Tloc           0%         N/A       100%        4
 Summon Ice Beast         Ice/Summ       0%         N/A       100%        4
 Yara's Violent Unravell  Hex/Tmut       0%         3d3       100%        5
 Simulacrum               Ice/Necr       0%         N/A       100%        6
 Starburst                Conj/Fire      0%         6d3       100%        6
 Haunt                    Necr/Summ      0%         N/A       100%        7
 Ozocubu's Refrigeration  Ice            0%         4d7       100%        7
 Infestation              Necr           0%         N/A       100%        8
 Lehudib's Crystal Spear  Conj/Erth      0%         10d2      100%        8
 Maxwell's Capacitive Co  Air            0%         ∞         100%        8
 Polar Vortex             Ice            0%         N/A       100%        9


Dungeon Overview and Level Annotations

Branches:
Dungeon (15/15)            Temple (1/1) D:5            Lair (5/5) D:10
 Shoals (2/4) Lair:3       Spider (0/4) Lair:2        Slime (0/5) Lair:4
    Orc (2/2) D:11            Elf (0/3) Orc:2        Vaults (0/5) D:14
 Depths (0/4) D:15        Gauntlet (visited)

Altars:
Ashenzari
Cheibriados
Dithmenos
Elyvilon
Fedhas
Gozag
Hepliaklqana
Kikubaaqudgha
Makhleb
Nemelex Xobeh
Okawaru
Qazlal
Ru
Sif Muna
Trog
Uskayaw
Vehumet
Wu Jian
Xom
Yredelemnul
Zin
The Shining One
Jiyva
Lugonu

Shops:
D:3 [??!   D:5 !   Orc:2 *[(=   Shoals:2 (:

Portals:
Abyss: Lair:5

Annotations:
D:5 3 runed translucent doors, haldagan's ghost, novice DjFE; paps's ghost, amateur DsGl
D:6 3 runed translucent doors, flt's ghost, novice HOMo
D:7 1 runed translucent door
D:15 1 runed translucent door, plaop's ghost, journeyman DrSh
Lair:2 3 runed translucent doors, generaletaddeo's ghost, journeyman DjFE
Shoals:2 Ilsuiw
Orc:2 Rupert


Innate Abilities, Weirdness & Mutations

You are a creature with a mouth for a stomach.
Your midsection houses a second, enormous mouth.
You are too large for most types of armour.
You have claws for hands.
Your natural rate of healing is unusually fast.
You are covered in fur. (AC +1)
You have tough skin. (AC +1)
You cannot train Dodging skill.
You cannot train Armour skill.
You are inexperienced. (-2 XL)


Message History

You focus your inner power and illuminate the sea snake in retribution!
The water nymph shouts!
You scratch the sea snake. You bite the sea snake!
The sea snake is lightly wounded.
You feel less exhausted.
The manticore flicks its tail.
The volley of spikes is repelled.
The sea snake barely misses you.
You eviscerate the sea snake!!!
The sea snake is almost dead.
You hear a screech!
You hear an angry hiss.
You hear a screech! x3
You closely miss the sea snake. You bite the sea snake.
You devour the sea snake!
You feel better.
You kill the sea snake!
A harpy comes into view.
The harpy screeches!
You hear an angry hiss.
A harpy comes into view. x2
The manticore flicks its tail.
The volley of spikes hits you!!
The barbed spikes become lodged in your body.
* * * LOW HITPOINT WARNING * * *
You focus your inner power and blind the manticore in retribution!
The harpy moves out of view.
Okay, then.
Okay, then.
Blink to where?
Press: ? - help, Dir - move target Splash!
As you read the scroll of blinking, it crumbles to dust.
The merfolk siren chants a haunting song.
You resist with almost no effort.
Okay, then.
The barbed spikes dig painfully into your body as you move.
* * * LOW HITPOINT WARNING * * *
The barbed spikes dig painfully into your body as you move.
* * * LOW HITPOINT WARNING * * *
The merfolk siren chants a haunting song.
You are mesmerised by the merfolk siren!
The water nymph gestures at you while chanting.
The water swirls and strikes you!!!
You die...

≈≈≈≈≈≈≈≈≈~~~..~~~..
≈≈≈≈≈≈≈≈≈≈≈≈≈≈≈≈≈≈~~H~~≈~..
≈≈≈≈≈≈≈≈≈≈≈≈≈≈≈≈≈≈~~~~≈≈~~~,
≈≈≈≈≈≈≈≈≈≈≈≈≈≈≈≈≈≈≈m~≈≈≈~~~
≈≈≈≈~~~≈≈≈≈≈~~~≈≈≈≈≈m≈≈≈≈~~
≈≈≈≈~..~~~~≈~P~~H~≈~~~≈≈≈≈≈
≈≈~~~~~~~~~≈~PP~~~~~~~≈≈≈≈≈
≈~~~~~~~~~~P≈P~~~~~~.~≈≈≈≈≈≈≈≈≈
≈~...~~~~~≈≈≈PPPW~~~~~≈≈≈≈≈≈≈≈≈≈
~....~~~~~~~~~..~~~~..~≈≈≈≈≈≈≈≈#
~....~P~~P~~~~.P.......~≈≈≈≈≈≈≈##
~....~P~~.~PPPP...#.....~~≈≈≈≈≈≈#
~.∩..~~~PP.PP~.......~..~~≈≈≈≈≈≈≈
~.....PP...PP.....P...~~~~≈≈≈≈≈≈~
~~....P...#.....).......~~~~≈≈≈~~
~~~............~<.#P....~~~~~~~~~
≈~~....P>..~~~~~P..PP..~~~~~~~~~≈


You could see a manticore (blind), a merfolk siren (mesmerising), a water nymph
and a harpy.

Vanquished Creatures
  An ancient lich (Abyss:4)
  Nikola (Shoals:2)
  Polyphemus (Shoals:2)
  A tentacled starspawn (Abyss:4)
  A deep elf demonologist (Shoals:1)
  A minotaur (Gauntlet)
  2 merfolk javelineers (Shoals:2)
  A merfolk impaler (Shoals:2)
  A great orb of eyes (D:15)
  6 vault guards (D:14)
  5 catoblepae
  3 hydras
  2 merfolk avatars
  An anaconda (shapeshifter) (D:15)
  6 two-headed ogres
  8 centaur warriors
  5 boulder beetles
  2 tengu warriors (D:15)
  An occultist (D:14)
  An orc high priest (Orc:2)
  10 death yaks
  Nergalle (D:11)
  2 thrashing horrors (Lair:5)
  A deep elf knight (Shoals:1)
  2 wretched stars (Abyss:4)
  Amaemon (D:11)
  A pharaoh ant (Lair:2)
  3 sea snakes
  Lodul (D:12)
  A skyshark (Lair:2)
  A skyshark (shapeshifter) (D:13)
  3 skeletal warriors (D:15)
  An orange crystal statue (Gauntlet)
  An arcanist (D:14)
  3 deep elf zephyrmancers (Shoals:1)
  Pikel (D:6)
  6 deep elf pyromancers
  3 orc knights (Orc:2)
  5 fauns
  21 ugly things
  3 manticores
  2 orc sorcerers (Orc:2)
  8 cyclopes
  Maurice (D:11)
  4 merfolk sirens
  32 elephants
  22 slime creatures
  3 torpor snails
  A smoke demon (Abyss:4)
  Maggie (Lair:2)
  An orange demon (D:11)
  3 water nymphs
  6 cane toads
  Jeremiah (D:6)
  A hellion (Gauntlet)
  An unseen horror (D:12)
  A yaktaur (D:14)
  2 efreet (D:14)
  4 kobold demonologists
  A freezing wraith (D:14)
  10 komodo dragons
  A rime drake (shapeshifter) (D:14)
  A rime drake (Lair:2)
  A polar bear (Lair:3)
  6 merfolk
  A polar bear (shapeshifter) (D:15)
  2 wind drakes (Shoals:1)
  7 trolls
  A hornet (D:9)
  17 blink frogs
  3 raiju (Lair:5)
  4 large abominations
  A snapping turtle (Shoals:1)
  8 small abominations
  A centaur simulacrum (D:14)
  A spriggan (Lair:5)
  3 shadows
  4 ynoxinuls
  A wyvern (Lair:3)
  2 water elementals
  62 yaks
  5 wraiths
  6 humans (D:14)
  7 basilisks
  A redback (Lair:2)
  A neqoxec (Abyss:4)
  4 chaos spawn (Lair:5)
  7 vampire mosquitoes
  6 wargs (Orc:2)
  3 acid dragons
  12 water moccasins
  2 hell hounds (Gauntlet)
  An ice beast (D:6)
  A swamp drake (D:11)
  27 orc warriors
  5 black bears
  A sky beast (D:7)
  13 ogres
  10 centaurs
  4 wolves (Lair:1)
  A wolf (shapeshifter) (Lair:5)
  4 lemures (D:6)
  4 phantoms
  19 bullfrogs
  4 kobold brigands
  2 gnoll sergeants (D:9)
  5 scorpions
  16 wights
  21 killer bees
  An electric eel (Lair:2)
  3 jellies
  3 howler monkeys (D:8)
  27 orc priests
  3 hounds
  An iguana (D:4)
  A sleepcap (D:4)
  Natasha (thrice) (D:2)
  26 orc wizards
  6 hell rats (Lair:1)
  9 adders
  10 gnolls
  4 white imps
  A worm (D:9)
  79 orcs
  6 ball pythons
  3 bats
  20 endoplasms
  4 giant cockroaches
  5 goblins
  10 hobgoblins
  6 jackals
  4 quokkas
  A frilled lizard (D:2)
  37 kobolds
  5 rats
823 creatures vanquished.

Vanquished Creatures (others)
  An orc warlord (Orc:2)
  A merfolk (Shoals:2)
  A troll (D:12)
  An orc warrior (Orc:2)
  An ogre (D:12)
  3 orcs (D:11)
8 creatures vanquished.

Grand Total: 831 creatures vanquished

Notes
Turn   | Place    | Note
-------+----------+-------------------------------------------
     0 | D:1      | MacCMillion the Troll Shapeshifter began the quest for the
                  | Orb.
     0 | D:1      | Reached XP level 1. HP: 18/18 MP: 0/0
   194 | D:1      | Reached XP level 2. HP: 26/26 MP: 1/1
   502 | D:2      | Reached skill level 4 in Unarmed Combat
   579 | D:2      | Reached XP level 3. HP: 32/32 MP: 2/2
   624 | D:2      | Noticed Natasha
   629 | D:2      | Killed Natasha
   659 | D:2      | Reached XP level 4. HP: 40/40 MP: 3/3
   727 | D:2      | Reached skill level 5 in Unarmed Combat
   777 | D:2      | Noticed Natasha
   782 | D:2      | Killed Natasha
   840 | D:2      | Found a sacrificial altar of Ru.
   923 | D:2      | Noticed Natasha
   930 | D:2      | Killed Natasha
  1042 | D:3      | Found Arghis's Magic Scroll Shop.
  1056 | D:3      | Bought a scroll of blinking for 90 gold pieces
  1098 | D:3      | Found Keoq's Magic Scroll Shoppe.
  1104 | D:3      | Found Sutilum's Distillery.
  1121 | D:3      | Bought a scroll of identify for 22 gold pieces
  1232 | D:3      | Found Sesuc's Antique Armour Emporium.
  1338 | D:3      | Reached XP level 5. HP: 46/46 MP: 4/4
  1846 | D:4      | Reached skill level 6 in Unarmed Combat
  2126 | D:4      | Noticed an ogre
  2131 | D:4      | Killed an ogre
  2132 | D:4      | Reached skill level 7 in Unarmed Combat
  2132 | D:4      | Reached XP level 6. HP: 54/54 MP: 5/5
  2332 | D:4      | Reached skill level 8 in Unarmed Combat
  2332 | D:4      | Reached XP level 7. HP: 61/61 MP: 6/6
  2644 | D:4      | Found a sacrificial altar of Ru.
  2805 | D:5      | Entered Level 5 of the Dungeon
  2901 | D:4      | Became a worshipper of Ru the Awakened
  2973 | D:5      | Noticed paps's ghost (amateur DsGl)
  2973 | D:5      | Found a runed translucent gate.
  2973 | D:5      | Found a runed translucent gate.
  2973 | D:5      | Found a runed translucent gate.
  2976 | D:5      | Noticed haldagan's ghost (novice DjFE)
  2991 | D:5      | Reached skill level 9 in Unarmed Combat
  3063 | D:5      | Found a staircase to the Ecumenical Temple.
  3107 | Temple   | Entered the Ecumenical Temple
  3217 | D:5      | Reached XP level 8. HP: 68/68 MP: 7/7
  3307 | D:5      | Reached skill level 10 in Unarmed Combat
  3334 | D:5      | Found Koloesimm's Distillery.
  3353 | D:5      | Bought a potion of heal wounds for 65 gold pieces
  3353 | D:5      | Bought a potion of haste for 130 gold pieces
  3409 | D:5      | Found a glowing golden altar of the Shining One.
  3872 | D:6      | Reached skill level 11 in Unarmed Combat
  3872 | D:6      | Reached skill level 1 in Fighting
  3883 | D:6      | Noticed Jeremiah
  4258 | D:6      | Killed Jeremiah
  4509 | D:6      | Gained mutation: You cannot train Dodging skill. [Ru
                  | sacrifice]
  4509 | D:6      | Reached * piety under Ru
  4561 | D:6      | Reached XP level 9. HP: 41/81 MP: 8/8
  4682 | D:6      | Found a runed translucent gate.
  4682 | D:6      | Found a runed translucent gate.
  4682 | D:6      | Found a runed translucent gate.
  4737 | D:6      | Noticed a cyclops
  4755 | D:6      | Killed a cyclops
  4756 | D:6      | Reached skill level 5 in Shapeshifting
  4966 | D:6      | Noticed Pikel
  4971 | D:6      | Killed Pikel
  5161 | D:6      | Found a glowing silver altar of Zin.
  5161 | D:6      | Noticed an angel
  5227 | D:6      | Noticed flt's ghost (novice HOMo)
  5260 | D:7      | Reached skill level 5 in Fighting
  5558 | D:7      | Found a runed translucent door.
  5560 | D:7      | Found a basalt altar of Yredelemnul.
  5793 | D:7      | Found a white marble altar of Elyvilon.
  5855 | D:7      | Found a hazy altar of Hepliaklqana.
  6007 | D:7      | Found a hazy altar of Hepliaklqana.
  6329 | D:7      | Found a runed translucent door.
  6333 | D:7      | Found a basalt altar of Yredelemnul.
  6409 | D:7      | Found a white marble altar of Elyvilon.
  6476 | D:8      | Reached XP level 10. HP: 90/98 MP: 9/9
  6891 | D:8      | Gained mutation: You are somewhat inexperienced. (-1 XL)
                  | [Ru sacrifice]
  6891 | D:8      | Reached XP level 9. HP: 89/89 MP: 8/8
  6891 | D:8      | Reached ** piety under Ru
  6891 | D:8      | Reached *** piety under Ru
  7760 | D:9      | Noticed a two-headed ogre
  7774 | D:9      | Killed a two-headed ogre
  7775 | D:9      | Reached skill level 12 in Unarmed Combat
  7872 | D:9      | Found a shadowy altar of Dithmenos.
  8382 | D:9      | Found a snail-covered altar of Cheibriados.
  8649 | D:10     | Entered Level 10 of the Dungeon
  8658 | D:10     | Reached XP level 10. HP: 43/102 MP: 9/9
  8850 | D:10     | Found an opulent altar of Gozag.
  8938 | D:10     | Identified a scroll of acquirement
  8939 | D:10     | Acquired 1002 gold pieces
  9045 | D:5      | Bought a potion of mutation for 104 gold pieces
  9045 | D:5      | Bought a potion of berserk rage for 65 gold pieces
  9129 | D:3      | Bought a scroll of teleportation for 36 gold pieces
  9129 | D:3      | Bought a scroll of fear for 48 gold pieces
  9160 | D:3      | Bought 2 potions of invisibility for 160 gold pieces
  9246 | D:3      | Bought a scroll of fog for 44 gold pieces
  9246 | D:3      | Bought a scroll of fear for 44 gold pieces
  9420 | D:10     | Found a staircase to the Lair.
  9702 | D:10     | Found a sparkling altar of Nemelex Xobeh.
  9761 | D:10     | Gained mutation: You cannot train Armour skill. [Ru
                  | sacrifice]
  9761 | D:10     | Reached **** piety under Ru
  9761 | D:10     | Reached ***** piety under Ru
  9792 | D:10     | Noticed a two-headed ogre
  9817 | D:10     | Killed a two-headed ogre
 10457 | D:11     | Noticed Maurice
 10458 | D:11     | Maurice stole a +5 ring of evasion
 10461 | D:11     | Killed Maurice
 10597 | D:11     | Noticed Amaemon
 10624 | D:11     | Killed Amaemon
 10625 | D:11     | Reached skill level 13 in Unarmed Combat
 10978 | D:11     | Noticed a boulder beetle
 10996 | D:11     | Killed a boulder beetle
 11405 | D:11     | Noticed Nergalle
 11413 | D:11     | Killed Nergalle
 11534 | D:11     | Found a staircase to the Orcish Mines.
 11903 | Lair:1   | Entered Level 1 of the Lair of Beasts
 11982 | Lair:1   | Reached skill level 5 in Throwing
 12117 | Lair:1   | Reached XP level 11. HP: 110/111 MP: 10/10
 12760 | Lair:1   | Reached skill level 10 in Shapeshifting
 13109 | Lair:2   | Reached skill level 10 in Fighting
 13298 | Lair:2   | Noticed Maggie
 13310 | Lair:2   | Killed Maggie
 13460 | Lair:2   | Found a hole to the Spider Nest.
 13646 | Lair:2   | Reached XP level 12. HP: 107/123 MP: 11/11
 13951 | Lair:2   | Noticed generaletaddeo's ghost (journeyman DjFE)
 13952 | Lair:2   | Noticed a minotaur
 13973 | Lair:2   | Found a runed translucent gate.
 13973 | Lair:2   | Found a runed translucent gate.
 13973 | Lair:2   | Found a runed translucent gate.
 15160 | Lair:3   | Found a staircase to the Shoals.
 15205 | Lair:3   | Gained mutation: You are inexperienced. (-2 XL) [Ru
                  | sacrifice]
 15205 | Lair:3   | Reached XP level 11. HP: 108/108 MP: 10/10
 15205 | Lair:3   | Reached ****** piety under Ru
 16073 | Lair:4   | Identified the +3 shortbow "Avvajogg" {speed, rF+ Str+4
                  | Int+6}
 16078 | Lair:4   | Found a viscous altar of Jiyva.
 16081 | Lair:4   | Found a staircase to the Slime Pits.
 16739 | Lair:5   | Entered Level 5 of the Lair of Beasts
 17365 | Lair:5   | Reached skill level 14 in Unarmed Combat
 17686 | Lair:5   | Reached XP level 12. HP: 40/127 MP: 11/11
 18701 | Lair:5   | Identified the amulet of Coixzos {Faith Will+ Regen+ Str+3}
 18914 | Lair:5   | Reached skill level 15 in Unarmed Combat
 18929 | Lair:5   | Found a corrupted altar of Lugonu.
 18929 | Lair:5   | Found a one-way gate to the infinite horrors of the Abyss.
 19665 | Orc:1    | Entered Level 1 of the Orcish Mines
 19827 | Orc:2    | Entered Level 2 of the Orcish Mines
 20886 | Orc:2    | Noticed an orc warlord
 20914 | Orc:2    | Killed an orc warlord
 20972 | Orc:2    | Found a staircase to the Elven Halls.
 21107 | Orc:2    | Found Ohenotin's Jewellery Emporium.
 21109 | Orc:2    | Paralysed by an orc sorcerer for 2 turns
 21234 | Orc:2    | Reached skill level 16 in Unarmed Combat
 21432 | Orc:2    | Found Zinogomi's Antique Weapon Emporium.
 21455 | Orc:2    | Bought a ring of protection from cold for 300 gold pieces
 21502 | Orc:2    | Found Vacutoph's Antique Armour Emporium.
 21517 | Orc:2    | Found Kiud's General Store.
 21524 | Orc:2    | Bought a potion of haste for 150 gold pieces
 21590 | Orc:2    | Noticed Rupert
 21624 | Abyss:4  | Cast into level 4 of the Abyss (Rupert)
 21760 | Abyss:4  | Noticed a tentacled starspawn
 21764 | Abyss:4  | Killed a tentacled starspawn
 21785 | Abyss:4  | Noticed an ancient lich
 21798 | Abyss:4  | Killed an ancient lich
 21857 | Orc:2    | Escaped the Abyss
 22330 | D:12     | Reached XP level 13. HP: 125/137 MP: 12/12
 22418 | D:12     | Noticed Lodul
 22648 | D:12     | Killed Lodul
 23005 | D:13     | Reached skill level 17 in Unarmed Combat
 23647 | D:13     | Identified the +2 whip "Husielar" {flame, Drain rElec
                  | rPois}
 24077 | D:14     | Identified the +8 long sword "Ynlabra" {flame, Contam Fly
                  | rN+}
 24670 | D:14     | Identified the amulet "Ezauriad" {Spirit rN+ SInv}
 25328 | D:14     | Found a gate to the Vaults.
 25534 | D:15     | Entered Level 15 of the Dungeon
 25771 | D:15     | Found a gate leading to a gauntlet.
 25779 | Gauntlet | Entered a Gauntlet
 25779 | Gauntlet | Found a transporter.
 25783 | Gauntlet | Found a transporter.
 25798 | Gauntlet | Found a transporter.
 25802 | Gauntlet | Found a transporter.
 25813 | Gauntlet | Found a transporter.
 25832 | Gauntlet | Found a transporter.
 25845 | Gauntlet | Found a transporter.
 25864 | Gauntlet | Found a transporter.
 25868 | Gauntlet | Found a transporter.
 25879 | Gauntlet | Found a transporter.
 25903 | Gauntlet | Found a transporter.
 25903 | Gauntlet | Found a transporter.
 25929 | Gauntlet | Found the +1 cloak of Starlight {*Dazzle EV+4 Stlth--}
 26020 | Gauntlet | Found the +16 obsidian axe {drain, demonic, Mesm Drain Fly
                  | SInv}
 26086 | D:15     | Found a runed translucent door.
 26089 | D:15     | Noticed plaop's ghost (journeyman DrSh)
 26089 | D:15     | Noticed a frost giant
 26563 | D:15     | Acquired 650 gold pieces
 26565 | D:15     | Acquired a manual of Throwing
 26689 | D:15     | Reached XP level 14. HP: 137/138 MP: 13/13
 26826 | D:15     | Reached skill level 15 in Shapeshifting
 26952 | D:15     | Found a staircase to the Depths.
 27253 | Shoals:1 | Entered Level 1 of the Shoals
 27772 | Shoals:1 | Reached skill level 1 in Shields
 28716 | Shoals:2 | Noticed Polyphemus
 28728 | Shoals:2 | Reached skill level 5 in Shields
 28734 | Shoals:2 | Killed Polyphemus
 28906 | Shoals:2 | Found Lutsijio's Antique Weapon Shoppe.
 28955 | Shoals:2 | Found Xuus War's Book Boutique.
 29001 | Shoals:2 | Noticed Nikola
 29013 | Shoals:2 | Killed Nikola
 29270 | Shoals:2 | Noticed Ilsuiw
 29306 | Shoals:2 | Killed from afar by a water nymph

Illustrated notes

Levels and vault maps discovered:
D:1:      onia_arrival_pyramid, layout_basic
D:2:      layout_rooms, basic_altar, uniq_natasha
D:3:      layout_basic, serial_shops, shop, nicolae_shop_statue_plus,
          shop_coins, shop_fountains, minmay_misc_feat_columns,
          saegor_snake_ambush
D:4:      kennysheep_six_static_rooms, layout_gridville,
          nicolae_ru_awakened_eye, dk_noncrumbling_3, grunt_ministairs_3,
          minmay_close_crescents
D:5:      lemuel_ice_spiral_2, layout_basic, mainiacjoe_overflow_alcove_2,
          minmay_temple_entry_steel_oval, serial_shops, nicolae_diamond_shop,
          gammafunk_ghost_cemetery
D:6:      layout_cave_pools, zin_angel, ebering_ghost_rock_garden, uniq_pikel,
          uniq_jeremiah
D:7:      layout_rooms, mainiacjoe_overflow_brackets, dk_yredelemnul_ordeal,
          kennysheep_mini
D:8:      layout_rooms, special_room [special_room_orc]
D:9:      layout_loops_corners, grunt_dithmenos_shadows, slow_altar_2,
          st_stairs_12, chequers_serial_rivers_micro_c
D:10:     layout_cave_pools, lemuel_doored_altar, nicolae_gozag_seed_capital,
          due_lair_maze_entry_diamond
D:11:     layout_stronghold, erik_orc_1, uniq_maurice, uniq_amaemon,
          uniq_nergalle
D:12:     layout_stronghold, uniq_lodul
D:13:     layout_basic
D:14:     minmay_the_grid_four_pointed_star_mashed
          [minmay_the_grid_triangle_9x9_semitri,
          minmay_the_grid_triangle_9x9_corruption,
          minmay_the_grid_triangle_9x9_skeleton,
          minmay_the_grid_triangle_9x9_empty,
          minmay_the_grid_prize_four_corners_diamond_b], layout_rooms,
          ximxim_vaults_locker_room, serial_curves, eino_curves_03,
          eino_curves_04
D:15:     gammafunk_enter_depths_forms, layout_irregular_city, minivault_19,
          ebering_ghost_inner_flame, gauntlet_entry_generic
Temple:   hellmonk_temple_forest_ring
Lair:1:   layout_roguey, grunt_megastairs_1
Lair:2:   layout_misc_corridors, nicolae_spider_entry_lesser_pyramids,
          maelrawn_ghost_gauntlet_escape, fungi_pond_lemuel,
          beast_lair_carwin_8, uniq_maggie
Lair:3:   layout_regular_city, nicolae_shoals_entry_flooding, grunt_megastairs_3
Lair:4:   layout_cave_shapes, nicolae_slime_entry_slimehenge
Lair:5:   hellmonk_lair_end_abyssal_woods, layout_misc_corridors,
          lemuel_fruit_fields
Shoals:1: nicolae_shoals_deep_elves_summer_vacation, layout_shoals
Shoals:2: cheibrodos_shoals_oceanic_diplomacy, layout_shoals, serial_shops,
          shop, shop_fountains, nicolae_shop_waterfront,
          nicolae_shop_tiny_real_fake_doors, nicolae_shoals_isolated_beach,
          uniq_nikola, uniq_ilsuiw, uniq_polyphemus
Orc:1:    layout_caves, basic_altar, nicolae_orc_lava_room
Orc:2:    grunt_orc_cross, layout_diamond_mine, uniq_rupert

Skill      XL: |  1  2  3  4  5  6  7  8  9 10 11 12 13 14 |
---------------+-------------------------------------------+-----
Unarmed Combat | 4 5 7 8 9 11 12 13 14 16 17 | 17.3
Fighting       | 3 7 8 10 11 13 | 13.4
Shapeshifting  | 4 8 9 14 13 15 | 15.1
Dodging        | 0 |  0.0
Throwing       | 5 6 8 9 |  9.3
Shields        | 7 |  7.3

Action                     |  1- 3 |  4- 6 |  7- 9 | 10-12 | 13-15 || total
---------------------------+-------+-------+-------+-------+-------++-------
  Melee: Unarmed           |    84 |    92 |   294 |  1333 |   545 ||  2348
         Punch             |       |     5 |    14 |    38 |    31 ||    88
         Maw               |       |       |       |       |   156 ||   156
  Throw: Dart              |       |     3 |     1 |     9 |       ||    13
         Large rock        |       |       |     1 |     2 |    33 ||    36
         Javelin           |       |       |       |       |     5 ||     5
 Invoke: Sacrifice Nimblen |       |       |     1 |       |       ||     1
         Sacrifice Experie |       |       |     1 |     1 |       ||     2
         Draw Out Power    |       |       |       |     5 |       ||     5
         Power Leap        |       |       |       |     5 |     1 ||     6
         Sacrifice Durabil |       |       |       |     1 |       ||     1
         Apocalypse        |       |       |       |     3 |     3 ||     6
         Reject Sacrifices |       |       |       |     1 |       ||     1
Ability: Begin Untransform |       |       |       |       |     1 ||     1
  Evoke: Wand              |       |       |       |     4 |     2 ||     6
    Use: Scroll            |       |     2 |     3 |    16 |    16 ||    37
         Potion            |       |       |     1 |     4 |     2 ||     7
   Stab: Distracted        |       |       |       |     8 |     3 ||    11
         Petrified         |       |       |       |     7 |     1 ||     8
         Paralysed         |       |       |       |    20 |    16 ||    36
         Invisible         |       |       |       |     4 |     2 ||     6
         Petrifying        |       |       |       |       |     1 ||     1
 Armour: Animal skin       |    53 |    27 |   188 |   548 |       ||   816
         Troll leather arm |       |       |       |   107 |    61 ||   168
         Skin              |       |       |       |       |   239 ||   239
  Dodge: Dodged            |    41 |    21 |    83 |   546 |   184 ||   875
         Repelled          |       |       |       |       |     5 ||     5
  Block: Other             |       |    15 |    55 |   175 |       ||   245
         Reflection        |       |       |     4 |     5 |       ||     9
         Kite shield       |       |       |       |       |    33 ||    33
   Form: Flux              |       |       |       |     2 |       ||     2
         Beast             |       |       |       |     1 |       ||     1
         Maw               |       |       |       |       |     2 ||     2

Table legend: (Time is in decaauts)
 A = Elapsed time spent in this place.
 B = Non-inter-level travel time spent in this place.
 C = Inter-level travel time spent in this place.
 D = Time resting spent in this place.
 E = Time spent auto-exploring this place.
 F = Levels seen in this place.
 G = Mean time per level.
                   A        B        C        D        E       F      G
               +--------+--------+--------+--------+--------+-----+--------+
         Total |  28813 |  26574 |   2239 |   6162 |  14097 |  27 | 1067.1 |
       Dungeon |  16872 |  15263 |   1609 |   2886 |   9331 |  15 | 1124.8 |
        Temple |    101 |    101 |      0 |    100 |      0 |   1 |  101.0 |
          Lair |   7679 |   7207 |    472 |   2243 |   3377 |   5 | 1535.8 |
        Shoals |   1691 |   1590 |    101 |    420 |    266 |   2 |  845.5 |
  Orcish Mines |   1935 |   1879 |     56 |    420 |    886 |   2 |  967.5 |
         Abyss |    247 |    247 |      0 |     90 |     50 |   1 |  247.0 |
      Gauntlet |    286 |    286 |      0 |      0 |    187 |   1 |  286.0 |
               +--------+--------+--------+--------+--------+-----+--------+

Top non-repeatable levels by time:
  Lair:5: 2275 daAuts
    D:11: 2053 daAuts
     D:9: 1872 daAuts
  Lair:3: 1523 daAuts
  Lair:2: 1499 daAuts
   Orc:2: 1453 daAuts
    D:14: 1367 daAuts
     D:5: 1287 daAuts
Shoals:1: 1266 daAuts
    D:13: 1261 daAuts
    D:15: 1223 daAuts
  Lair:4: 1217 daAuts
  Lair:1: 1163 daAuts
     D:4: 1133 daAuts
     D:7: 1126 daAuts
